Map: 월드 오브 슬리퍼스 - 래더

Players

Zoun - Winner!

  • Race: Protoss Protoss
  • Spawn Location: 1:00

Super

  • Race: Protoss Protoss
  • Spawn Location: 7:00

Event: IEM Katowice 2020

VOD

Have the link to the VOD?

Description

Time

  • Played on: Feb. 24, 2020, 4:51 a.m.
  • Length: 4:38

All games in this series

Show
View Real Time Build Order
Export as new Build Order

Zoun Protoss - Winner!

Build Orders: Oracle Opening 

Get SALT Encoding   

  12  0:00  Probe  
  13  0:13  Probe  
  14  0:17  Pylon  
  14  0:25  Probe (Chrono Boost)  
  16  0:37  Probe (Chrono Boost)  
  16  0:38  Gateway  
  16  0:42  Probe (Chrono Boost)  
  16  0:45  Assimilator  
  17  0:51  Probe  
  17  0:53  Assimilator  
  18  1:05  Probe (Chrono Boost)  
  18  1:09  Gateway  
  19  1:14  Probe (Chrono Boost)  
  20  1:19  Probe (Chrono Boost)  
  21  1:25  Cybernetics Core  
  21  1:31  Probe  
  22  1:37  Pylon  
  22  1:43  Probe  
  23  1:55  Probe  
  24  2:02  Stargate  
  24  2:04  Warp Gate  
  24  2:07  Adept  
  24  2:08  Adept  
  28  2:15  Pylon  
  28  2:17  Probe  
  29  2:29  Probe  
  30  2:38  Adept x2  
  30  2:42  Oracle (Chrono Boost)  
  37  2:51  Shield Battery  
  37  2:55  Pylon  
  37  3:11  Probe  
  37  3:25  Nexus  
  33  3:39  Robotics Facility  
  33  3:42  Probe  
  34  3:56  Stalker x2  
  34  4:00  Shield Battery  
  38  4:13  Pylon  
  38  4:16  Gateway  
  38  4:20  Stalker  
  38  4:21  Stalker  
  42  4:25  Probe  
Show
View Real Time Build Order
Export as new Build Order

Super Protoss 

Build Orders: Dark Templar Rush 

Get SALT Encoding   

  12  0:00  Probe  
  13  0:12  Probe  
  14  0:17  Pylon  
  14  0:24  Probe  
  15  0:35  Gateway  
  15  0:37  Probe (Chrono Boost)  
  16  0:46  Probe (Chrono Boost), Assimilator  
  17  0:51  Probe (Chrono Boost)  
  17  0:54  Assimilator  
  18  1:03  Probe (Chrono Boost)  
  19  1:07  Gateway  
  19  1:12  Probe (Chrono Boost)  
  19  1:17  Probe (Chrono Boost)  
  20  1:25  Cybernetics Core  
  21  1:29  Probe  
  22  1:38  Pylon  
  22  1:45  Probe  
  24  2:02  Warp Gate, Sentry, Stalker  
  27  2:11  Twilight Council  
  27  2:17  Pylon  
  27  2:19  Probe  
  28  2:38  Stalker  
  30  2:48  Dark Shrine  
  30  2:55  Shield Battery  
  30  3:12  Probe  
  31  3:13  Pylon  
  27  3:24  Probe  
  27  3:36  Probe  
  25  3:48  Probe (Chrono Boost)  
  25  3:51  Pylon  
  22  4:01  Probe (Chrono Boost)  
  23  4:09  Probe (Chrono Boost), Dark Templar x2  
  28  4:15  Probe  

Tags
 
Add a new tag
Caveats
  • Supply blocks, unpowered buildings, or Contaminate may cause inaccurate times.
  • Supply counts are checked every 10 seconds.